[Event "*** Titled Tuesday Blitz"]
[Site "Chess.com"]
[Date "2020.04.21"]
[Round "3"]
[White "TigrVShlyape"]
[Black "Sammed_Shete"]
[Result "1-0"]
[WhiteElo "2865"]
[BlackElo "2571"]
[TimeControl "180+1"]
[EndTime "10:28:33 PDT"]
[Termination "TigrVShlyape won by resignation"]

1. d4 Nf6 2. Nf3 e6 3. Bf4 b6 4. e3 Bb7 5. h3 d6 6. a4 a5 7. Bb5+ Nbd7 8. O-O Be7 9. Nbd2 O-O 10. Re1 Ne4 11.
Nxe4 Bxe4 12. Nd2 Bb7 13. e4 e5 14. dxe5 Nxe5 15. Nb3 Bg5 16. Qd2 Bxf4 17. Qxf4 Ng6 18. Qg3 Qf6 19. c3 c6 20. Bf1 Rfe8 21. Rad1 Rad8 22. f3 Nf4 23. Nd4 d5 24. Nf5 Ng6 25.
Qc7 Bc8 26. Qxb6 Bxf5 27. exf5 Nf4 28. g3 Nh5 29. Kf2 Qxf5 30. Qxc6 Rxe1 31. Rxe1 Qg5 32. Re8+ 1-0

[Event "*** Titled Tuesday Blitz"]
[Site "Chess.com"]
[Date "2020.04.21"]
[Round "3"]
[White "SlavenPastar"]
[Black "doons21"]
[Result "0-1"]
[WhiteElo "2407"]
[BlackElo "2618"]
[TimeControl "180+1"]
[EndTime "10:28:34 PDT"]
[Termination "doons21 won on time"]

1. d4 Nf6 2. c4 g6 3. Nc3 Bg7 4. Bg5 O-O 5. Nf3 d6 6. e3 c5 7. d5 Qb6 8. Qb3 Qxb3 9. axb3 Na6 10. Bd3 Nb4 11. Bb1 h6 12. Bh4 g5 13. Bg3 Nh5 14. e4 Bd7 15. Nd2 a6 16. f3 Nxg3 17. hxg3 b5 18. g4 Be5 19. Rxh6 Kg7 20. Rh5 f6 21.
Nf1 bxc4 22. bxc4 Be8 23. Rh3 Bg6 24. Kd2 Rh8 25. Rxh8 Rxh8 26. Bd3 Rh1 27. Be2 Rg1 28. g3 Rg2 29. Ke1 Nc2+ 0-1

[Event "*** Titled Tuesday Blitz"]
[Site "Chess.com"]
[Date "2020.04.21"]
[Round "3"]
[White "mbachez"]
[Black "Zubrrr"]
[Result "0-1"]
[WhiteElo "2430"]
[BlackElo "2680"]
[TimeControl "180+1"]
[EndTime "10:28:35 PDT"]
[Termination "Zubrrr won by resignation"]

1. e4 c5 2. Nf3 d6 3. Bc4 Nf6 4. Qe2 e6 5. c3 Nc6 6. Bb3 Be7 7. O-O O-O 8. d4 d5 9. e5 Ne4 10. Nbd2 f5 11. exf6 Nxf6 12. Re1 Qb6 13. Ng5 cxd4 14. Nxe6 Bxe6 15. Qxe6+ Kh8 16. Nf3 Rae8 17. Qh3 Bc5 18. Rxe8 Rxe8 19. Bg5 dxc3 20. Bxf6 gxf6 21. Bc2 Bxf2+ 22.
Kh1 Qc7 23. bxc3 Qg7 24. Rf1 Bc5 25. Nh4 Ne7 26. Re1 Rg8 27. Qd3 Bf2 28. Rxe7 Qxe7 29. Nf3 Rg7 30. g3 Qe4 31. Qd1 Qe6 32. Kg2 Bb6 33.
Qd3 Re7 34. Nh4 Qe2+ 35. Kh3 Qxd3 36. Bxd3 Re3 37. Bf5 Rxc3 38. Kg4 d4 39. Kh5 d3 40. Kh6 Be3+ 41. Kh5 d2 42. Bg4 Rc5+ 43. Nf5 Rxf5+ 44. Bxf5 d1=Q+ 45. Bg4 Qd2 46. Kh4 Qxh2+ 47. Bh3 0-1

[Event "*** Titled Tuesday Blitz"]
[Site "Chess.com"]
[Date "2020.04.21"]
[Round "3"]
[White "fidezivkovic"]
[Black "RU_B9"]
[Result "0-1"]
[WhiteElo "2276"]
[BlackElo "1811"]
[TimeControl "180+1"]
[EndTime "10:28:35 PDT"]
[Termination "RU_B9 won on time"]

1. e4 c5 2. Nc3 Nc6 3. f4 e6 4. Nf3 d5 5. Bb5 dxe4 6. Nxe4 Bd7 7. d3 Be7 8. O-O Nf6 9. Be3 Nd4 10. Bxd7+ Qxd7 11. Ne5 Qc7 12. c3 Nf5 13. Qa4+ Kf8 14. Bf2 b6 15. Rad1 Rd8 16. g4 Nd6 17. g5 Nd5 18. Nxd6 Bxd6 19. Qe4 Nxf4 20. Qxf4 Bxe5 21. Qf3 Bxh2+ 22. Kh1 Bf4 23. Bh4 e5 24. d4 cxd4 25.
cxd4 h6 26. g6 f6 27. dxe5 Bxe5 28. Rxd8+ Qxd8 29. Rd1 Qc8 30. Kg2 Ke7 0-1

[Event "*** Titled Tuesday Blitz"]
[Site "Chess.com"]
[Date "2020.04.21"]
[Round "3"]
[White "baag"]
[Black "english_player_89"]
[Result "1-0"]
[WhiteElo "2652"]
[BlackElo "2413"]
[TimeControl "180+1"]
[EndTime "10:28:36 PDT"]
[Termination "baag won by checkmate"]

1. d4 Nf6 2. c4 g6 3. Nc3 Bg7 4. g3 d6 5. Bg2 O-O 6. Nf3 Nc6 7. O-O Bf5 8. Ne1 Bd7 9. d5 Na5 10. Qd3 c5 11. Nc2 a6 12. Rb1 b5 13. b3 Rb8 14.
Bg5 h6 15. Bd2 Ng4 16. f4 bxc4 17. bxc4 Rxb1 18. Rxb1 e5 19. h3 exf4 20. hxg4 fxg3 21. Ne4 Bxg4 22. Nxg3 f5 23. Bc3 Bxc3 24. Qxc3 f4 25. Ne4 Bxe2 26. Bf3 Bxc4 27. Kg2 Bxd5 28. Nf6+ Rxf6 29.
Bxd5+ Kh7 30. Rb8 Qe7 31. Qxa5 Qe2+ 32. Kg1 Qd1+ 33. Qe1 Qxd5 34. Qe8 Qd1+ 35. Ne1 Qg4+ 36. Kf1 Qh3+ 37. Ng2 Qf3+ 38. Ke1 Qc3+ 39. Kd1 g5 40. Qg8# 1-0

[Event "*** Titled Tuesday Blitz"]
[Site "Chess.com"]
[Date "2020.04.21"]
[Round "3"]
[White "Flawless_Fighter"]
[Black "Larina_Marija"]
[Result "1-0"]
[WhiteElo "2551"]
[BlackElo "2288"]
[TimeControl "180+1"]
[EndTime "10:28:36 PDT"]
[Termination "Flawless_Fighter won by resignation"]

1. e4 d5 2. exd5 Qxd5 3. Nc3 Qa5 4. d4 Nf6 5. Be2 Bf5 6. Bf3 c6 7. Ne2 e6 8. O-O Be7 9. h3 h6 10. Be3 O-O 11. a3 Nbd7 12. b4 Qc7 13. Qd2 Rfd8 14. Bf4 Bd6 15. Bxd6 Qxd6 16. Rfd1 Nb6 17. Ng3 Bg6 18. Qe2 Nbd5 19. Nxd5 cxd5 20. c4 dxc4 21. Bxb7 Rab8 22. Bf3 Bd3 23. Qd2 Qxd4 24. Rac1 Rbc8 25. b5 Qb6 26. Qb4 Nd5 27. Bxd5 exd5 28. a4 Rb8 29. Re1 Qd6 30. Re8+ Kh7 31. Qxd6 Rxd6 32. Rxb8 Re6 33.
Rd8 f5 34. Rxd5 f4 35. Nf1 Re2 36. Nh2 Ra2 37. Rd4 Rxa4 38. Rxf4 Rb4 39. Nf3 Rxb5 40. Ne1 Rd5 41. Nxd3 cxd3 42. Rd1 a5 43. Rf3 d2 44. Ra3 Kg6 45. Kf1 Kf5 46. Ke2 Ke4 47. Rxd2 Rb5 48. Ra4+ Ke5 49. Rda2 1-0

[Event "*** Titled Tuesday Blitz"]
[Site "Chess.com"]
[Date "2020.04.21"]
[Round "3"]
[White "gixfantastix"]
[Black "abubakrtagelsir"]
[Result "0-1"]
[WhiteElo "2090"]
[BlackElo "2336"]
[TimeControl "180+1"]
[EndTime "10:28:36 PDT"]
[Termination "abubakrtagelsir won on time"]

1. e3 g6 2. Nf3 Bg7 3. d4 c5 4. Be2 cxd4 5. exd4 d5 6. O-O Nf6 7. Ne5 Nc6 8. f4 O-O 9. c3 Bf5 10. Nd2 Rc8 11. Qe1 Qb6 12. Kh1 h6 13. Qh4 Rfe8 14.
g4 Be4+ 15. Nxe4 Nxe4 16. f5 g5 17. Qh5 Nxe5 18. dxe5 Bxe5 19. f6 Bxf6 20. Qxh6 Bg7 21. Qh5 Qg6 22. Qxg6 fxg6 23. Bd3 Rf8 24. Rxf8+ Rxf8 25. Bxe4 dxe4 26. Bxg5 Rf2 27. Rb1 Be5 28. h4 Kf7 29. a4 Ke6 30. b3 Bf4 31. Bxf4 Rxf4 32. Rg1 Rf3 33. h5 Rxc3 34. g5 Rh3+ 35. Kg2 Rxh5 36.
Kf2 Ke5 37. Ke3 Rh3+ 38. Ke2 Rxb3 0-1

[Event "*** Titled Tuesday Blitz"]
[Site "Chess.com"]
[Date "2020.04.21"]
[Round "3"]
[White "GulamaliRises"]
[Black "JonahWillow"]
[Result "1-0"]
[WhiteElo "2573"]
[BlackElo "2755"]
[TimeControl "180+1"]
[EndTime "10:28:37 PDT"]
[Termination "GulamaliRises won on time"]

1. e4 c5 2. Nf3 Nc6 3. d4 cxd4 4. Nxd4 g6 5. Nc3 Bg7 6. Nde2 d6 7. g3 Nf6 8. Bg2 O-O 9. O-O Be6 10. a4 Rc8 11. Nd5 Bxd5 12. exd5 Ne5 13. c3 a6 14. Nd4 Nc4 15.
b3 Ne5 16. c4 Ned7 17. a5 Nc5 18. Re1 Re8 19. Bb2 Nh5 20. b4 Nd7 21. Qb3 Qc7 22. Rac1 Ne5 23. Bf1 Qb8 24. c5 Qa7 25. c6 bxc6 26. dxc6 Rc7 27. Bg2 Rb8 28. Qc3 Nf6 29.
h3 g5 30. Nf5 Bh8 31. Qd4 Qxd4 32. Bxd4 Rxb4 33. Bb6 Rxc6 34. Nxe7+ Kf8 35. Nxc6 Nxc6 36. Rxc6 g4 37. h4 1-0

[Event "*** Titled Tuesday Blitz"]
[Site "Chess.com"]
[Date "2020.04.21"]
[Round "3"]
[White "sergiochess83"]
[Black "Slovak_fighter2000"]
[Result "1-0"]
[WhiteElo "2814"]
[BlackElo "2552"]
[TimeControl "180+1"]
[EndTime "10:28:37 PDT"]
[Termination "sergiochess83 won by resignation"]

1. e4 e6 2. d4 d5 3. Nc3 Nf6 4. e5 Nfd7 5. f4 c5 6. Nf3 Nc6 7. Be3 Be7 8. Qd2 O-O 9. dxc5 Bxc5 10. Bxc5 Nxc5 11. O-O-O a6 12. Qf2 b6 13. Nd4 Nxd4 14.
Qxd4 Bb7 15. Bd3 Rc8 16. Rhf1 Qh4 17. Kb1 Nxd3 18. Rxd3 Qd8 19. b3 Qc7 20. Rf2 Qc5 21.
Na4 Qxd4 22. Rxd4 b5 23. Nb2 Rc3 24. Nd1 Rc7 25. Kb2 a5 26. a3 Rfc8 27. g3 h5 28. Rfd2 Bc6 29. Nc3 Rb7 30. Ne2 b4 31. axb4 axb4 32.
Rd1 Ra8 33. Ra1 Rxa1 34. Kxa1 Kf8 35. Nc1 f6 36. Kb2 fxe5 37. fxe5 Rf7 38. Rxb4 Rf2 39. Rf4+ Rxf4 40. gxf4 Kf7 41. Ne2 Bd7 42. h4 Ke7 43. Nd4 Kd8 44. Ka3 Kc7 45. Kb4 Kb6 46. f5 exf5 47. e6 Bc8 48. e7 Bd7 49. Nxf5 1-0

[Event "*** Titled Tuesday Blitz"]
[Site "Chess.com"]
[Date "2020.04.21"]
[Round "3"]
[White "Yuri202062"]
[Black "Roenko_Artur"]
[Result "1/2-1/2"]
[WhiteElo "2504"]
[BlackElo "2265"]
[TimeControl "180+1"]
[EndTime "10:28:37 PDT"]
[Termination "Game drawn by agreement"]

1. d4 d5 2. c4 e6 3. Nc3 c6 4. e3 Nf6 5. Nf3 Nbd7 6. Bd3 dxc4 7. Bxc4 b5 8. Bd3 a6 9. a4 Bb7 10. O-O b4 11. Ne4 c5 12. Ned2 Be7 13. Qe2 O-O 14.
Nc4 Nb6 15. Na5 Bc8 16. Nc6 Qc7 17. Nxe7+ Qxe7 18. Bd2 a5 19. dxc5 Qxc5 20. Rfc1 Qe7 21. Nd4 Bb7 22. Bb5 Rac8 23. f3 h6 24. Be1 Rxc1 25. Rxc1 Rc8 26. Rxc8+ Nxc8 27. Qc2 Nd6 28. Be2 Qd7 29. Bf2 e5 30. Nb5 e4 31. Qc7 Nxb5 32. Qxd7 Nxd7 33. Bxb5 Nc5 34. Bg3 exf3 35. gxf3 Bxf3 36. Bc7 Nb3 37. Bc4 Bd1 38. Kf2 Nc5 39. Bxa5 Nxa4 40. b3 Nc5 41. Bxb4 Nxb3 42. Ke1 Bc2 43.
Bxb3 Bxb3 44. Kd2 Be6 1/2-1/2

[Event "*** Titled Tuesday Blitz"]
[Site "Chess.com"]
[Date "2020.04.21"]
[Round "3"]
[White "fm_magua"]
[Black "Lysiak_Poltorak"]
[Result "0-1"]
[WhiteElo "2550"]
[BlackElo "2333"]
[TimeControl "180+1"]
[EndTime "10:28:38 PDT"]
[Termination "Lysiak_Poltorak won on time"]

1. e4 c5 2. Nf3 d6 3. d4 cxd4 4. Nxd4 Nf6 5. Nc3 g6 6. Be3 Bg7 7. f3 O-O 8. Qd2 Nc6 9. g4 Be6 10. O-O-O Rc8 11. h4 Qa5 12. Nxe6 fxe6 13. Bc4 d5 14.
Bb3 Ne5 15. exd5 Nxf3 16. Qe2 Rxc3 17. Qxf3 Nxd5 18. Rxd5 b5 19. Qe4 Rxe3 20. Qxe3 exd5 21. Bxd5+ Kh8 22. g5 b4 23. Bb3 Qe5 24. Qxe5 Bxe5 25. h5 Bf4+ 26. Kd1 Bxg5 27. hxg6 h6 28. Ke2 Kg7 29.
Bf7 Rd8 30. Rd1 Rc8 31. c4 bxc3 32. bxc3 Rxc3 33. Rd8 h5 34. Rg8+ Kf6 35. Rh8 h4 36.
Kf2 h3 37. Rh7 e5 38. Rh8 e4 39. Bd5 e3+ 40. Kf3 h2 41. Rxh2 e2+ 42. Kf2 Rc1 43. Rh1 e1=Q+ 0-1

[Event "*** Titled Tuesday Blitz"]
[Site "Chess.com"]
[Date "2020.04.21"]
[Round "3"]
[White "ElGasanov"]
[Black "TheRigos"]
[Result "1-0"]
[WhiteElo "2748"]
[BlackElo "2521"]
[TimeControl "180+1"]
[EndTime "10:28:40 PDT"]
[Termination "ElGasanov won on time"]

1. Nf3 Nf6 2. d4 g6 3. Bg5 Bg7 4. e3 O-O 5. Be2 d6 6. c4 Nbd7 7. Nc3 e5 8. Qc2 h6 9. Bh4 c6 10. Rd1 Qe7 11. O-O Re8 12. h3 Nf8 13. c5 e4 14.
Bxf6 Bxf6 15. cxd6 Qxd6 16. Nxe4 Qd8 17. Nxf6+ Qxf6 18.
Ne5 Be6 19. Bc4 Rad8 20. Qb3 b5 21. Bxe6 Rxe6 22. Rc1 Nd7 23. Nd3 Nb6 24. Qa3 Re7 25.
Rxc6 Qxc6 26. Qxe7 Re8 27. Qxa7 Ra8 28. Qe7 Qc2 29.
Ne5 Rf8 30. Qc5 Qxc5 31. dxc5 Na4 32. b4 Nc3 33. c6 Nxa2 34. c7 Nxb4 35. Rd1 Rc8 36.
Rd8+ 1-0

[Event "*** Titled Tuesday Blitz"]
[Site "Chess.com"]
[Date "2020.04.21"]
[Round "3"]
[White "Phenix2k"]
[Black "velemajstor767276"]
[Result "1-0"]
[WhiteElo "2289"]
[BlackElo "2526"]
[TimeControl "180+1"]
[EndTime "10:28:40 PDT"]
[Termination "Phenix2k won by checkmate"]

1. d4 c5 2. e4 cxd4 3. c3 d3 4. c4 Nc6 5. Bxd3 d6 6. Nc3 g6 7. h3 Bg7 8. Nf3 Nf6 9. O-O Nd7 10. Bd2 O-O 11. Qc1 Re8 12. Bh6 Kh8 13. Bxg7+ Kxg7 14. Rd1 Qa5 15. Nd5 Nde5 16. Nxe5 Nxe5 17. Bf1 Be6 18. b4 Qd8 19. f4 Bxd5 20. cxd5 Qb6+ 21. Kh2 Nd7 22. Qb2+ f6 23. Rac1 Rac8 24. Qd2 h6 25. a4 a6 26. a5 Qa7 27. h4 Rh8 28. g3 Qb8 29. Bh3 Rcd8 30. Rc2 b6 31. Rdc1 bxa5 32. Rc7 Qb5 33. R1c6 Nb8 34. Rxe7+ Kf8 35. Rcc7 Qxb4 36. Rf7+ Ke8 37. Rce7# 1-0

[Event "*** Titled Tuesday Blitz"]
[Site "Chess.com"]
[Date "2020.04.21"]
[Round "3"]
[White "ItsCheckM8Mate"]
[Black "m_ezat"]
[Result "1-0"]
[WhiteElo "2247"]
[BlackElo "2508"]
[TimeControl "180+1"]
[EndTime "10:28:40 PDT"]
[Termination "ItsCheckM8Mate won by checkmate"]

1. e4 c6 2. d4 d5 3. exd5 cxd5 4. c4 Nf6 5. Nc3 g6 6. Nf3 Bg7 7. h3 O-O 8. c5 Ne4 9. Bd3 Bf5 10. O-O Nc6 11.
Be3 b6 12. Bb5 Nxc3 13. bxc3 Bd7 14. cxb6 axb6 15. Qd2 Na5 16. Bd3 Qc7 17. Bh6 Rfc8 18. Bxg7 Kxg7 19. Ne5 Be8 20. Rac1 Bd7 21. Rfe1 f6 22.
Nxg6 e5 23. Ne7 e4 24. Nxd5 Qd6 25. Bxe4 Bc6 26. Ne7 Bxe4 27. Rxe4 Kh8 28. Qh6 Rg8 29. Nf5 Qd5 30. Qxf6+ Rg7 31. Qxg7# 1-0

[Event "*** Titled Tuesday Blitz"]
[Site "Chess.com"]
[Date "2020.04.21"]
[Round "3"]
[White "YPradafah"]
[Black "wadsy27"]
[Result "1-0"]
[WhiteElo "2518"]
[BlackElo "2478"]
[TimeControl "180+1"]
[EndTime "10:28:40 PDT"]
[Termination "YPradafah won by resignation"]

1. d4 Nf6 2. Nc3 c5 3. d5 e6 4.
e4 exd5 5. exd5 d6 6. Be2 Be7 7. Nf3 O-O 8. Nd2 Na6 9. Nc4 Nc7 10. a4 b6 11. O-O Rb8 12. Ne3 a6 13. b3 Qd7 14.
Re1 b5 15. Bb2 Bb7 16. Bf3 Rfe8 17. Ne2 b4 18. Ng3 g6 19. Qd2 Bd8 20. Rad1 a5 21. h3 Ba6 22. Ng4 Nxg4 23. hxg4 Rxe1+ 24. Rxe1 Ne8 25. Qf4 Bh4 26. Ne4 Be7 27. g3 Qd8 28. Kg2 Rc8 29.
Rh1 Bf8 30. g5 c4 31. Nf6+ Nxf6 32. Bxf6 Qe8 33. Rxh7 1-0

[Event "*** Titled Tuesday Blitz"]
[Site "Chess.com"]
[Date "2020.04.21"]
[Round "3"]
[White "Stormeman100100"]
[Black "chito89"]
[Result "0-1"]
[WhiteElo "2446"]
[BlackElo "2757"]
[TimeControl "180+1"]
[EndTime "10:28:41 PDT"]
[Termination "chito89 won on time"]

1. d4 Nf6 2. c4 c5 3. d5 e6 4. Nc3 exd5 5. cxd5 d6 6. e4 g6 7. Nge2 Bg7 8. Ng3 O-O 9. Be2 h5 10. O-O h4 11. Nh1 a6 12. a4 Nbd7 13. Bg5 h3 14. g4 Qb6 15. Qd2 Ne5 16. f3 Nh7 17. Be3 f5 18. gxf5 gxf5 19. Ng3 Qb4 20. Kh1 fxe4 21.
fxe4 Bg4 22. Bxg4 Nxg4 23. Nf5 Bxc3 24. Qd3 Qxb2 25. Bf2 Rxf5 26. exf5 Qxf2 27. Qxh3 Nhf6 28. Ra3 Be5 29. Rg1 Qxf5 30. Rf3 Qe4 0-1

[Event "*** Titled Tuesday Blitz"]
[Site "Chess.com"]
[Date "2020.04.21"]
[Round "3"]
[White "ajdemipopushi"]
[Black "731291"]
[Result "0-1"]
[WhiteElo "2354"]
[BlackElo "2580"]
[TimeControl "180+1"]
[EndTime "10:28:41 PDT"]
[Termination "731291 won on time"]

1. Nf3 c5 2. g3 Nc6 3. Bg2 e5 4. c4 g6 5. O-O Bg7 6. Nc3 Nge7 7. Ne1 O-O 8. Nc2 d6 9. Ne3 Be6 10. d3 Qd7 11. Ned5 Bh3 12. Rb1 Bxg2 13. Kxg2 Nxd5 14. Nxd5 Ne7 15. e4 f5 16. b4 f4 17. f3 Nxd5 18.
exd5 b6 19. bxc5 bxc5 20. Re1 Rab8 21. Rxb8 Rxb8 22. gxf4 Qf5 23. Re4 exf4 24. Rxf4 Qh5 25. Re4 Be5 26. h4 Qf5 27. Qe2 Rb1 28. Qc2 Rb7 29.
Qe2 Rb1 30. Be3 Rb2 31. Bd2 Kg7 32. a4 a6 33. a5 Ra2 34. Qf2 Kf7 35. Qe2 Qf6 0-1

[Event "*** Titled Tuesday Blitz"]
[Site "Chess.com"]
[Date "2020.04.21"]
[Round "3"]
[White "Irishchessman16"]
[Black "luca_va99"]
[Result "1-0"]
[WhiteElo "2385"]
[BlackElo "2051"]
[TimeControl "180+1"]
[EndTime "10:28:41 PDT"]
[Termination "Irishchessman16 won on time"]

1. e4 c6 2. d4 d5 3. e5 c5 4. dxc5 Nc6 5. f4 Nh6 6. Nf3 Bg4 7. Be3 e6 8. c3 Nf5 9. Bf2 g5 10. fxg5 Bxf3 11. Qxf3 Qxg5 12. Nd2 Bh6 13. O-O-O Nxe5 14. Bb5+ Kf8 15. Qe2 Ng4 16. Bg1 Nge3 17. g3 Nxd1 18. Kxd1 Qxd2+ 19. Qxd2 Bxd2 20. Kxd2 Ke7 21. g4 Nh4 22.
Bf2 Nf3+ 23. Ke3 Ne5 24. Bh4+ f6 25. g5 Ng4+ 26. Kf4 f5 27. Re1 Rhf8 28. g6+ Nf6 29. gxh7 Kf7 30. Bxf6 Kxf6 31. Bd7 e5+ 32. Rxe5 Rh8 33.
Bxf5 Rhf8 34. Rxd5 Kg7 35. Kg5 1-0

[Event "*** Titled Tuesday Blitz"]
[Site "Chess.com"]
[Date "2020.04.21"]
[Round "3"]
[White "WIDBIFS"]
[Black "LogoCzar"]
[Result "1-0"]
[WhiteElo "2769"]
[BlackElo "2447"]
[TimeControl "180+1"]
[EndTime "10:28:42 PDT"]
[Termination "WIDBIFS won by resignation"]

1. d4 d5 2. Nf3 Nf6 3. Bf4 c5 4. e3 Nc6 5. Nbd2 Bf5 6. c3 Qb6 7. Qb3 c4 8. Qxb6 axb6 9. a3 b5 10. Rc1 h6 11. Be2 e6 12. h3 Be7 13. g4 Bh7 14. Ne5 Nxe5 15. Bxe5 O-O 16. h4 Nd7 17. Bg3 Nb6 18. Bd1 Bd3 19. Nf3 Na4 20. Bxa4 bxa4 21.
Ne5 Bh7 22. h5 Ra5 23. f3 Rb5 24. Rh2 Ra8 25. Rd1 Ra6 26. Rdd2 Bg5 27. Bf4 Bxf4 28. exf4 Kf8 29. Rhe2 f6 30. Nd7+ Ke7 31. Nc5 Rab6 32. f5 e5 33. Nxa4 Ra6 34. Nc5 Rab6 35. a4 Ra5 36.
Kf2 Kd6 37. Ne6 Rxa4 38. Nxg7 Ra2 39. dxe5+ fxe5 40. Ne8+ Kc6 41. Nf6 d4 42. cxd4 exd4 43. Rxd4 Rbxb2 44. Rxc4+ Kb5 45. Re4 Bxf5 46. gxf5 Kc5 47.
Ng4 b5 48. f6 b4 49. f7 1-0

[Event "*** Titled Tuesday Blitz"]
[Site "Chess.com"]
[Date "2020.04.21"]
[Round "3"]
[White "BasilSmash"]
[Black "MikaelyanArman"]
[Result "0-1"]
[WhiteElo "2439"]
[BlackElo "2742"]
[TimeControl "180+1"]
[EndTime "10:28:42 PDT"]
[Termination "MikaelyanArman won on time"]

1. d4 d5 2. Nf3 Nf6 3. g3 Bf5 4. Bg2 c6 5. c4 dxc4 6. Ne5 Nbd7 7. Nxc4 e6 8. O-O Nb6 9. Na5 Qd7 10. Nc3 Bb4 11. Nb3 O-O 12. a3 Be7 13. e4 Bg6 14.
Qe2 Rfd8 15. Rd1 Bh5 16. f3 Qc8 17. Be3 Ne8 18. Nc5 Nd6 19. b3 Nd7 20. Rac1 Nb6 21. Qf2 Bg6 22. h4 h6 23. Bh3 Nd7 24. Kh2 b6 25.
Nd3 Qb7 26. Ne5 Bh7 27. Nd3 Rac8 28. a4 a5 29. Ne2 Ne8 30. Nef4 Nc7 31. Nh5 Bf8 32. g4 Bg6 33. Ng3 Na6 34. f4 c5 35.
f5 Bh7 36. Nf4 cxd4 37. Bd2 Ndc5 38. Nfh5 Nd3 0-1

[Event "*** Titled Tuesday Blitz"]
[Site "Chess.com"]
[Date "2020.04.21"]
[Round "3"]
[White "picturesquecheck"]
[Black "BursaBBSatranc"]
[Result "1-0"]
[WhiteElo "2205"]
[BlackElo "2500"]
[TimeControl "180+1"]
[EndTime "10:28:42 PDT"]
[Termination "picturesquecheck won by resignation"]

1. e4 e5 2. Nf3 Nf6 3. Nxe5 d6 4. Nf3 Nxe4 5. d4 d5 6. Bd3 Bd6 7. O-O O-O 8. c4 c6 9. Nc3 Nxc3 10. bxc3 dxc4 11.
Bxc4 Bf5 12. Re1 Nd7 13. Bd3 Bxd3 14. Qxd3 Qc7 15. Bg5 Rfe8 16. Bh4 b5 17. Bg3 Bxg3 18. hxg3 h6 19. g4 Qf4 20. Qf5 Qxf5 21. gxf5 f6 22. Nd2 Nb6 23. Ne4 Na4 24. f3 Rad8 25. Kf2 Nb2 26.
Kg3 a5 27. Nc5 a4 28. Ne6 Rc8 29. Re4 Nc4 30. Kf4 Kf7 31. Rae1 Nd6 32. R4e2 Nc4 33. g4 Nd6 34. Nc5 Rxe2 35. Rxe2 Rb8 36. Na6 Rb6 37. Nb4 Nc4 38. Re6 Na5 39. d5 g5+ 40. Kg3 c5 41. Rxb6 cxb4 42. cxb4 1-0

[Event "*** Titled Tuesday Blitz"]
[Site "Chess.com"]
[Date "2020.04.21"]
[Round "3"]
[White "NiranjanNavalgund"]
[Black "KingChess345"]
[Result "1-0"]
[WhiteElo "2491"]
[BlackElo "2085"]
[TimeControl "180+1"]
[EndTime "10:28:42 PDT"]
[Termination "NiranjanNavalgund won by resignation"]

1. e4 c5 2. Nf3 Nc6 3. d4 cxd4 4. c3 d3 5. Na3 g6 6. Nc4 Bg7 7. h4 d5 8. exd5 Qxd5 9. Bxd3 Bg4 10. Ne3 Qd7 11.
Nxg4 Qxg4 12. Qe2 Nf6 13. Bg5 h5 14. O-O-O O-O 15. Kb1 Rfd8 16. Bc4 Rac8 17. Bb3 Qe4+ 18. Qc2 Qxc2+ 19. Bxc2 Ng4 20. Rhf1 Kf8 21. Rde1 b5 22. Be4 Rd7 23. Re2 a6 24. Rfe1 e6 25. Be3 Nce5 26.
Nxe5 Bxe5 27. Bc1 Bf6 28. g3 Ke7 29. Bc2 Bg7 30. f3 Nf6 31. Bg5 Kf8 32. a4 Nd5 33. axb5 axb5 34. Bd2 Rb7 35. Be4 Rd7 36. g4 hxg4 37. fxg4 Nb6 38. h5 gxh5 39. gxh5 Kg8 40. h6 Bf6 41. Rf1 Be5 42. Bc2 Nc4 43. Bc1 Rd4 44.
cxd4 1-0

[Event "*** Titled Tuesday Blitz"]
[Site "Chess.com"]
[Date "2020.04.21"]
[Round "3"]
[White "GeorgMeier"]
[Black "francyIM"]
[Result "1-0"]
[WhiteElo "3052"]
[BlackElo "2704"]
[TimeControl "180+1"]
[EndTime "10:28:43 PDT"]
[Termination "GeorgMeier won by resignation"]

1. Nf3 Nf6 2. g3 e6 3. Bg2 d5 4. O-O Be7 5. c4 O-O 6. d4 dxc4 7. Qc2 a6 8. Qxc4 b5 9. Qc2 Bb7 10. Bg5 Be4 11. Qc1 Nbd7 12. Nbd2 Bb7 13. Nb3 h6 14.
Bxf6 Nxf6 15. Rd1 Bd5 16. Qc2 a5 17. a3 a4 18. Nc5 Bxc5 19. Qxc5 Ne4 20. Qb4 Qd6 21.
Ne5 Qxb4 22. axb4 Nd6 23. Rdc1 f6 24. Ng4 Nc4 25. Ne3 Bxg2 26. Nxc4 Bd5 27. Na5 Rfc8 28. Rc5 c6 29. Rac1 Rd8 30. f3 f5 31. Kf2 Ra6 32.
Ke3 Rd6 33. Kf4 Kf7 34. e4 fxe4 35. fxe4 Bb3 36. Ke5 Rd7 37. Rxc6 Ra8 38. Rc7 Rd8 39. Nc6 1-0

[Event "*** Titled Tuesday Blitz"]
[Site "Chess.com"]
[Date "2020.04.21"]
[Round "3"]
[White "Ind1anStar"]
[Black "FranciscodelaF"]
[Result "0-1"]
[WhiteElo "2608"]
[BlackElo "2424"]
[TimeControl "180+1"]
[EndTime "10:28:43 PDT"]
[Termination "FranciscodelaF won by resignation"]

1. c4 e6 2. Nf3 d5 3. e3 Nf6 4.
Nc3 Be7 5. b3 O-O 6. Bb2 b6 7. Be2 Bb7 8. O-O a6 9. d4 Nbd7 10. Rc1 Ne4 11. Ne5 Nxc3 12. Bxc3 Nxe5 13. dxe5 Ba3 14. Rc2 dxc4 15. Bxc4 Qg5 16. f4 Qf5 17.
Rd2 Bc5 18. Bd4 Be7 19. Be2 c5 20. Bg4 Qg6 21. Bc3 Rad8 22. Qe2 Rxd2 23. Bxd2 Rd8 24. Bc1 Be4 25. Bh5 Qh6 26. Rd1 Rxd1+ 27. Qxd1 g6 28. Be2 b5 29. Bd2 Qf8 30. Ba5 Qc8 31. Qd2 Bd5 32. Bd3 Qc6 33. Qc2 c4 34. bxc4 bxc4 35. Bf1 Qb5 36. Bc3 a5 37. e4 Bb7 38.
Kh1 Bb4 39. Bxb4 Qxb4 40. Qxc4 Qxc4 41. Bxc4 Bxe4 42. Kg1 Kf8 43. Kf2 Bd5 44. g3 Bxc4 0-1

[Event "*** Titled Tuesday Blitz"]
[Site "Chess.com"]
[Date "2020.04.21"]
[Round "3"]
[White "Agent-JL"]
[Black "tufferguy"]
[Result "1-0"]
[WhiteElo "2607"]
[BlackElo "2392"]
[TimeControl "180+1"]
[EndTime "10:28:43 PDT"]
[Termination "Agent-JL won on time"]

1. Nf3 d5 2. b3 Nf6 3. Bb2 g6 4. e3 Bg7 5. c4 O-O 6. cxd5 Qxd5 7. Be2 c5 8. d3 Nc6 9. Nbd2 b6 10. a3 Ba6 11. Qc2 Rfd8 12. Nc4 b5 13. Ncd2 Rac8 14. Rc1 Nb8 15. O-O Ne8 16. Bxg7 Nxg7 17. Rfd1 Ne6 18. Qb2 Nc6 19. Ne4 h6 20. b4 cxb4 21. axb4 Bb7 22.
Nc5 Ba8 23. Nxe6 Qxe6 24. Rc5 a6 25. Rdc1 Nb8 26. Nd4 Qd7 27. Qc3 Rxc5 28. Qxc5 h5 29. h3 Qd5 30. Qxd5 Bxd5 31. Rc7 e5 32. Nf3 f6 33. e4 Bf7 34. g4 hxg4 35. hxg4 g5 36. Ne1 Nd7 37. Rc6 Ra8 38. Rd6 Be8 39. Nc2 1-0

[Event "*** Titled Tuesday Blitz"]
[Site "Chess.com"]
[Date "2020.04.21"]
[Round "3"]
[White "Tonychess32"]
[Black "Alexander_Donchenko"]
[Result "0-1"]
[WhiteElo "2615"]
[BlackElo "2804"]
[TimeControl "180+1"]
[EndTime "10:28:44 PDT"]
[Termination "Alexander_Donchenko won by resignation"]

1. e4 c5 2. Nf3 e6 3. c3 Nf6 4. e5 Nd5 5. d4 cxd4 6. cxd4 d6 7. exd6 Bxd6 8. Bd3 Nc6 9. O-O O-O 10. Nc3 Nxc3 11. bxc3 b6 12. Bxh7+ Kxh7 13. Ng5+ Kg6 14. Qg4 f5 15. Qf3 Qc7 16. Qh3 Bd7 17. Qh7+ Kf6 18. Qh5 Bxh2+ 19. Kh1 Bf4 20. Nh7+ Ke7 21. Qh4+ g5 22. Nxg5 Bxc1 23. Nh7+ Kd6 24. Nxf8 Rxf8 25. Raxc1 Qd8 26. Qf4+ Ke7 27. Rfe1 Rh8+ 28.
Kg1 Kf7 29. g3 Ne7 30. c4 Ng6 31. Qf3 Qg5 32. d5 e5 33. Rcd1 Nh4 34. Qe2 e4 35. Qc2 Nf3+ 36. Kf1 Rh1+ 37. Ke2 Rxe1+ 38. Rxe1 Nd4+ 0-1

[Event "*** Titled Tuesday Blitz"]
[Site "Chess.com"]
[Date "2020.04.21"]
[Round "3"]
[White "Adham_Fawzy"]
[Black "agus_k"]
[Result "1-0"]
[WhiteElo "2782"]
[BlackElo "2587"]
[TimeControl "180+1"]
[EndTime "10:28:44 PDT"]
[Termination "Adham_Fawzy won by resignation"]

1. e4 c5 2. b3 Nc6 3. Nf3 e5 4. Bb2 d6 5. Bb5 Ne7 6. O-O a6 7. Bxc6+ Nxc6 8. d3 Be7 9. Nc3 O-O 10. Nd5 f5 11. Nd2 f4 12. Nc4 Be6 13. a4 f3 14.
g3 Nd4 15. Bxd4 cxd4 16. c3 Bg5 17. cxd4 exd4 18. Qe1 Bh3 19. Qb4 Bxf1 20. Rxf1 Qd7 21. Kh1 Qh3 22. Rg1 b5 23. Nxd6 bxa4 24. Qxa4 Rad8 25.
Qc4 Kh8 26. Nf5 Rc8 27. Qxd4 Bf6 28. Nxf6 Rc1 29. Ne3 Rfc8 30. Qb2 Rxg1+ 31. Kxg1 gxf6 32. Qxf6+ Kg8 33. Qg5+ Kf7 34. Qf4+ Kg7 35. Nf5+ Kg6 36. Qd6+ Kg5 37. Qe7+ Kh5 38. Qxh7+ Kg5 39. Qxh3 1-0